 Dungeon Crawl Stone Soup version 0.26.0-45-g9c1d065592 (webtiles) character file.

Game seed: 13092718555410858846

44 pokeman the Magician (level 3, -2/20 HPs)
             Began as a Deep Elf Hedge Wizard on Jan 29, 2021.
             Killed by miscasting Mephitic Cloud (12 damage)
             ... on level 2 of the Dungeon.
             The game lasted 00:02:51 (2371 turns).

pokeman the Magician (Deep Elf Hedge Wizard)        Turns: 2371, Time: 00:02:53

Health: -2/20      AC:  3    Str:  7    XL:     3   Next: 41%
Magic:  11/20      EV: 12    Int: 19    God:
Gold:   88         SH:  0    Dex: 14    Spells: 1/12 levels left

rFire    . . .     SeeInvis .   a - +0 dagger
rCold    . . .     Faith    .   (no shield)
rNeg     . . .     Spirit   .   p - +0 leather armour
rPois    .         Reflect  .   c - +0 hat
rElec    .         Harm     .   (no cloak)
rCorr    .         Rampage  .   (no gloves)
Will     .....                  (no boots)
Stlth    ++........             (no amulet)
HPRegen  0.06/turn              o - ring of magical power
MPRegen  0.17/turn              (no ring)

@: very slightly contaminated
A: no striking features
a: no special abilities


You were on level 2 of the Dungeon.
You visited 1 branch of the dungeon, and saw 2 of its levels.

You collected 88 gold pieces.

Inventory:

Hand Weapons
 a - a +0 dagger (weapon)
Missiles
 f - 27 arrows
 n - 19 bolts
Armour
 c - a +0 hat (worn)
 p - a +0 leather armour (worn)
Jewellery
 o - a ring of magical power (left hand)
Scrolls
 b - a scroll of teleportation {unknown}
 d - a scroll of noise {unknown}
 e - a scroll of immolation {unknown}
 g - a scroll of blinking {unknown}
 i - 3 scrolls of identify {unknown}
 j - a scroll of remove curse {unknown}
Potions
 h - a potion of degeneration {unknown}
 k - a potion of heal wounds {unknown}
 l - a potion of haste {unknown}
 m - a potion of curing {unknown}


   Skills:
 + Level 0.9 Fighting
 + Level 0.9 Armour
 - Level 2.4 Dodging
 - Level 2.4 Stealth
 * Level 5.2 Spellcasting
 + Level 1.9 Conjurations
 - Level 1.1 Summonings
 - Level 1.1 Translocations


You had one spell level left.
You knew the following spells:

 Your Spells              Type           Power        Failure   Level
a - Magic Dart            Conj           48%          9%          1
b - Mephitic Cloud        Conj/Pois/Air  7%           38%         3
c - Call Imp              Summ           9%           17%         2
d - Blink                 Tloc           N/A          17%         2
e - Conjure Flame         Conj/Fire      8%           34%         3

Your spell library contained the following spells:

 Spells                   Type           Power        Failure   Level
 Slow                     Hex            4%           26%         2


Dungeon Overview and Level Annotations

Branches:
Dungeon (2/15)

Altars:

Annotations:
D:2 Crazy Yiuf


Message History

Casting: Call Imp (safe; 17% risk of failure)
Confirm with . or Enter, or press ? or * to list all spells.
The spell is potentially lethal to cast (34% risk of failure)!
Continue anyway?
The fire begins to smolder!
Crazy Yiuf closely misses your crimson imp.
Your crimson imp blinks!
Crazy Yiuf flaps his cloak.
Your crimson imp blinks!
The fire ignites!
Casting: Conjure Flame (potentially lethal; 34% risk of failure)
Confirm with . or Enter, or press ? or * to list all spells.
The spell is potentially lethal to cast (38% risk of failure)!
Continue anyway?
Aiming: Mephitic Cloud (potentially lethal; 38% risk of failure)
Press: ? - help, Shift-Dir - straight line, f - Crazy Yiuf
Aim: Crazy Yiuf, wielding a +4 quarterstaff of chaos and wearing a +0 cloak You miscast Mephitic Cloud.
You are very lightly contaminated with residual magic.
You are blasted with air!
Ouch! That really hurt!
You die...

# #.# #.###.#
####### .# .....#
#......
.#.....#######
####### ..#
#.'...#@### ###
#.###......#§.##...#
#######
#.##......####g5...#
#...... ##..#..'.P##
###..§# ###....
##.#....#### ###
#...# #.....###
##.## #...##...#
####.## ###
###.####### ###
#...... #.)...#.#
##.######.##


You could see Crazy Yiuf and a friendly crimson imp (summoned).

Vanquished Creatures
  An ooze (D:2)
  A worm (D:2)
  A dart slug (D:1)
  2 leopard geckos
  2 giant cockroaches
  3 goblins (D:1)
  6 hobgoblins
  3 kobolds
  7 bats
  A frilled lizard (D:1)
  6 rats
33 creatures vanquished.

Notes
Turn   | Place    | Note
-------+----------+-------------------------------------------
     0 | D:1      | pokeman the Deep Elf Hedge Wizard began the quest for the
                  | Orb.
     0 | D:1      | Reached XP level 1. HP: 10/10 MP: 7/7
   478 | D:1      | Reached XP level 2. HP: 15/15 MP: 4/9
  1728 | D:2      | Reached skill level 5 in Spellcasting
  1809 | D:2      | Reached XP level 3. HP: 20/20 MP: 11/11
  1813 | D:2      | Learned a level 3 spell: Mephitic Cloud
  1816 | D:2      | Learned a level 2 spell: Call Imp
  1819 | D:2      | Learned a level 2 spell: Blink
  1823 | D:2      | Learned a level 3 spell: Conjure Flame
  2360 | D:2      | Found a runed translucent door.
  2361 | D:2      | Noticed Crazy Yiuf
  2371 | D:2      | Killed by miscasting Mephitic Cloud

Illustrated notes

Levels and vault maps discovered:
D:1:      erik_arrival_orb_chamber, layout_basic
D:2:      layout_loops_ring, uniq_crazy_yiuf_cottage

Skill      XL: |  1  2 |
---------------+-------+-----
Spellcasting   | 5 |  5.2
Fighting       | |  0.9
Armour         | |  0.9
Dodging        | |  2.4
Stealth        | |  2.4
Conjurations   | |  1.9
Summonings     | |  1.1
Translocations | |  1.1

Action                   || total
-------------------------++-------
Melee: Dagger            ||     2
 Cast: Magic Dart        ||   104
       Call Imp          ||     2
       Conjure Flame     ||     1
Armor: Robe              ||    10
       Leather armour    ||     2
Dodge: Dodged            ||    25
